 Dungeon Crawl Stone Soup version 0.30-a0-29-g142975f185 (webtiles) character file.

Game seed: 12473244151733848363

25 ytrimaz the Insei (level 3, 0/34 HPs)
             Began as an Octopode Transmuter on Aug 26, 2022.
             Slain by Terence
             ... wielding a +0 morningstar
              (4 damage)
             ... on level 2 of the Dungeon.
             The game lasted 00:01:17 (1216 turns).

ytrimaz the Insei (Octopode Transmuter)             Turns: 1216, Time: 00:01:18

Health: 0/34       AC: 21    Str:  9    XL:     3   Next: 6%
Magic:  5/6        EV:  2    Int: 17    God:
Gold:   52         SH:  0    Dex: 12    Spells: 0/6 levels left

rFire   . . .      SeeInvis .      - Unarmed
rCold   . . .      Faith    .    (no shield)
rNeg    . . .      Spirit   .    (helmet currently unavailable)
rPois   +          Reflect  .    (no amulet)
rElec   .          Harm     .    (no ring)
rCorr   .          Rampage  .    (no ring)
Will    .....      NoTele   +    (no ring)
Stlth   +.........               (no ring)
HPRegen 0.11/turn                (no ring)
MPRegen 0.10/turn                (no ring)
                                 (no ring)
                                 (no ring)

@: tree-form
A: stationary, stasis, torment immunity, boosted hp, almost no armour,
(amphibious), 8 rings, (camouflage 1), (gelatinous body 1), (nimble swimmer 1),
(tentacles)
a: no special abilities


You were on level 2 of the Dungeon.
You were a tree.
You visited 1 branch of the dungeon, and saw 2 of its levels.

You collected 52 gold pieces.

Inventory:

Scrolls
 e - a scroll of identify
 h - a scroll of enchant weapon {unknown}
Potions
 b - a potion of ambrosia
 c - a potion of brilliance {unknown}
 d - a potion of curing {unknown}
 f - a potion of flight {unknown}
 g - a potion of berserk rage {unknown}


   Skills:
 - Level 1.0 Fighting
 - Level 2.0 Dodging
 + Level 3.7 Unarmed Combat
 + Level 2.3 Spellcasting
 + Level 2.3 Transmutations


You couldn't memorise any spells.
You knew the following spells:

 Your Spells              Type           Power      Damage    Failure   Level
a - Beastly Appendage     Tmut           18%        N/A       8%          1
b - Wereblood             Tmut           9%         N/A       11%         2
c - Spider Form           Tmut/Pois      5%         N/A       34%         3

Your spell library contained the following spells:

 Spells                   Type           Power      Damage    Failure   Level
 Magic Dart               Conj           4%         1d3       19%         1
 Summon Small Mammal      Summ           4%         N/A       19%         1
 Call Imp                 Summ           1%         N/A       28%         2
 Call Canine Familiar     Summ           1%         N/A       50%         3
 Mephitic Cloud           Conj/Pois/Air  1%         N/A       50%         3
 Summon Guardian Golem    Hex/Summ       1%         N/A       50%         3
 Ice Form                 Ice/Tmut       5%         N/A       75%         4


Dungeon Overview and Level Annotations

Branches:
Dungeon (2/15)

Altars:

Annotations:
D:2 Terence


Innate Abilities, Weirdness & Mutations

You are a tree.
Your roots penetrate the ground, keeping you stationary.
You cannot be teleported.
You are immune to unholy pain and torment.
Your maximum health is greatly increased.
You cannot wear most types of armour.
((You are amphibious.))
You can wear up to eight rings at the same time.
((Your skin changes colour to match your surroundings (Stealth+).))
((Your rubbery body absorbs attacks. (AC +1, EV +1)))
((You are camouflaged when in or above water. (Stealth+)))
((You have tentacles for arms and can constrict up to eight enemies at once.))


Message History

h - a scroll labelled WYWIOH LAWEIRO You see here a bat corpse.
Your tentacle spike disappears.
Key pressed, stopping explore.
No target in view!
Terence the Incautious comes into view.
He is wielding a +0 morningstar.
Terence is nearby!
Terence shouts!
You see here a book of Weapons.
One of your tentacles grows a vicious spike.
Terence drinks a potion.
Terence seems to grow stronger.
You closely miss Terence. You grab Terence.
You pierce Terence, but do no damage.
You constrict Terence. Terence looks scornfully at you.
Terence barely misses you.
You tentacle-slap Terence. You squeeze Terence.
Terence is moderately wounded.
You constrict Terence, but do no damage.
Terence closely misses you.
You tentacle-slap Terence but do no damage.
You pierce Terence, but do no damage.
You squeeze Terence.
Terence is heavily wounded.
You constrict Terence, but do no damage.
Terence hits you with a +0 morningstar!!
Ouch! That really hurt!
* * * LOW HITPOINT WARNING * * *
Really quaff the potion of lignification?
Your tentacle spike disappears.
You turn into a tree.
Your roots penetrate the ground.
You lose your grip on Terence.
Terence hits you but does no damage.
Unknown command.
You smack Terence!
Terence is severely wounded.
You barely miss Terence. You punch Terence, but do no damage.
Terence is severely wounded.
Terence hits you but does no damage.
You hit Terence.
Terence is almost dead.
Terence hits you with a +0 morningstar.
You die...

....##
......# #####
......#
.....#
#.....#
....###.....#
#.@.#.....#
+..♣#.....#
###...#
#...##
#.#..##
#.#...#
#.#.#.#
#.#.#.###
#.#.#...# ...
#.#.###.# #.


You could see Terence (strong).

Vanquished Creatures
  2 dart slugs (D:1)
  3 ball pythons (D:1)
  An endoplasm (D:1)
  4 giant cockroaches
  2 goblins
  2 bats
  A frilled lizard (D:1)
  4 kobolds (D:1)
  2 rats (D:1)
21 creatures vanquished.

Notes
Turn   | Place    | Note
-------+----------+-------------------------------------------
     0 | D:1      | ytrimaz the Octopode Transmuter began the quest for the
                  | Orb.
     0 | D:1      | Reached XP level 1. HP: 13/13 MP: 3/3
   156 | D:1      | Reached XP level 2. HP: 18/18 MP: 3/5
   976 | D:2      | Reached XP level 3. HP: 13/23 MP: 4/6
   979 | D:2      | Learned a level 2 spell: Wereblood
   983 | D:2      | Learned a level 3 spell: Spider Form
  1204 | D:2      | Noticed Terence
  1216 | D:2      | Slain by Terence

Illustrated notes

Levels and vault maps discovered:
D:1:      lemuel_arrival_room, layout_basic, shapermc_ecumenical_altar_petra
D:2:      layout_basic, uniq_crazy_yiuf_cottage, uniq_terence

Action                   || total
-------------------------++-------
Melee: Unarmed           ||    50
       Constrict         ||    16
       Tentacles         ||    11
       Kick              ||     9
       Punch             ||     1
 Cast: Beastly Appendage ||    18
  Use: Scroll            ||     2
       Potion            ||     1
 Stab: Sleeping          ||     3
Armor: Skin              ||     2
Dodge: Dodged            ||    33

Table legend: (Time is in decaauts)
 A = Elapsed time spent in this place.
 B = Non-inter-level travel time spent in this place.
 C = Inter-level travel time spent in this place.
 D = Time resting spent in this place.
 E = Time spent auto-exploring this place.
 F = Levels seen in this place.
 G = Mean time per level.
                   A        B        C        D        E       F      G
               +--------+--------+--------+--------+--------+-----+--------+
         Total |   1213 |   1194 |     19 |      0 |    993 |   2 |  606.5 |
       Dungeon |   1213 |   1194 |     19 |      0 |    993 |   2 |  606.5 |
               +--------+--------+--------+--------+--------+-----+--------+

Top non-repeatable levels by time:
     D:1: 895 daAuts
     D:2: 317 daAuts
